 Dungeon Crawl Stone Soup version bcrawl-1.21.2-28-g2cb1824106 (webtiles) character file.

Game seed: 13094890471632755870

1 MisterOstroum the Sneak (level 1, 0/12 HPs)
             Began as a Skeleton Archaeologist on Mar 16, 2020.
             Slain by a worm (6 damage)
             ... on level 1 of the Dungeon.
             The game lasted 00:00:09 (38 turns).

MisterOstroum the Sneak (Skeleton Archaeologist)      Turns: 38, Time: 00:00:10

Health: 0/12       AC:  6    Str: 17    XL:     1   Next: 16%
Magic:  0/1        EV: 12    Int: 12    God:
Gold:   0          SH:  0    Dex:  7    Spells: 0/0 levels left

rFire    . . .     SeeInvis .   a - +0 whip
rCold    + . .     Gourm    .   (no shield)
rNeg     + + +     Faith    .   b - +1 robe
rPois    ∞         Spirit   +   c - +1 hat
rElec    .         Reflect  .   (no cloak)
rCorr    .         Harm     .   (no gloves)
MR       .....                  d - +1 pair of boots
Stlth    ++........             (no amulet)
HPRegen  0.04/turn              (no ring)
MPRegen  0.07/turn              (no ring)

@: no status effects
A: no food or potions, cold resistance 1, deterioration 1, negative energy
resistance 3, torment resistance, unbreathing, magic shield, sturdy frame 1,
spell healing
a: no special abilities


You were on level 1 of the Dungeon.
You were not hungry.

You visited 1 branch of the dungeon, and saw 1 of its levels.

Inventory:

Hand Weapons
 a - a +0 whip (weapon)
Armour
 b - a +1 robe (worn)
 c - a +1 hat (worn)
 d - a +1 pair of boots (worn)
Scrolls
 e - a scroll of magic mapping {@r5 !r}
 g - a scroll of enchant weapon {unknown}
 h - a scroll of fear {unknown}
Miscellaneous
 f - a dusty tome


   Skills:
 * Level 1.0 Fighting
 * Level 1.3 Maces & Flails
 + Level 0.0 Armour
 + Level 3.0 Dodging
 - Level 3.6 Stealth


You couldn't memorise any spells.
You didn't know any spells.
Your spell library was empty.

Dungeon Overview and Level Annotations

Branches:
Dungeon (1/12)

Altars:


Innate Abilities, Weirdness & Mutations

You do not eat or drink.
You are immune to poison.
Your flesh is cold resistant. (rC+)
Your body sometimes deteriorates upon taking damage.
You are immune to negative energy. (rN+++)
You are immune to unholy pain and torment.
You can survive without breathing.
When hurt, damage is shared between your health and your magic reserves.
Your movements are slightly less encumbered by armour. (ER -2)
Casting spells heals you.


Message History

Lua error: /dgldir/rcfiles/crawl-bcrawl/MisterOstroum.rc:43: 'end' expected (to close 'function' at line 1) near '' Welcome, MisterOstroum the Skeleton Archaeologist.
The bosom of this dungeon contains the transcendent artefact, the Orb of Zot.
Press ? for a list of commands and other information.
Found a scroll labeled GEVIJO MAIZO and a scroll labeled BOIZENGEIL.
Found a staircase leading out of the dungeon.
Found a stone staircase leading down.
g - a scroll labeled GEVIJO MAIZO
h - a scroll labeled BOIZENGEIL No target in view!
No target in view!
No target in view!
Found a smoky coppery potion.
A goblin comes into view.
A goblin is nearby!
A worm comes into view.
The goblin shouts!
You barely miss the goblin. You closely miss the goblin. The goblin hits you.
You barely miss the goblin. The goblin hits you. The goblin barely misses you.
You hit the goblin.
The goblin is severely wounded.
The goblin hits you but does no damage.
You hit the goblin.
You kill the goblin!
Found 7 gold pieces.
The worm bites you.
You are too injured to fight recklessly!
You are too injured to fight recklessly!
You are too injured to fight recklessly!
You are too injured to fight recklessly!
You are too injured to fight recklessly!
You are too injured to fight recklessly!
You are too injured to fight recklessly!
You are too injured to fight recklessly!
You are too injured to fight recklessly!
You are too injured to fight recklessly!
You are too injured to fight recklessly!
You are too injured to fight recklessly!
You are too injured to fight recklessly!
You are too injured to fight recklessly!
You are too injured to fight recklessly!
You are too injured to fight recklessly!
You are too injured to fight recklessly!
You are too injured to fight recklessly!
You are too injured to fight recklessly!
You are too injured to fight recklessly!
You are too injured to fight recklessly!
You are too injured to fight recklessly!
You are too injured to fight recklessly!
You are too injured to fight recklessly!
You hit the worm.
The worm is moderately wounded.
The worm bites you!
Ouch! That really hurt!
You die...

#...........≈≈≈.
#.####......≈≈≈. #.#
##......≈≈≈≈ #.#
#........... #.#
#.......≈≈≈≈
#.##.........≈≈≈
#.##...!.....≈≈≈
#########.##.........≈≈≈
#.....w@......########≈≈
..............# ##≈
#$####....###.# ##
#.#### # #. #. .. ..


You could see a worm.

Vanquished Creatures
  A goblin (D:1)
1 creature vanquished.

Notes
Turn   | Place    | Note
-------+----------+-------------------------------------------
     0 | D:1      | MisterOstroum the Skeleton Archaeologist began the quest
                  | for the Orb.
     0 | D:1      | Reached XP level 1. HP: 12/12 MP: 1/1
    38 | D:1      | Slain by a worm

Action                   || total
-------------------------++-------
Melee: Whip              ||     6
Armor: Robe              ||     1
Dodge: Dodged            ||     1
